AoeStats
← s6elhore

Arabia

505257326Analyzed
1v1 RM · 25d ago on Sep 8, 2026· 33m 58s· 2 players
Game mode
Random Map
Map size
Tiny (2 player)
Population
200
Speed
Normal
Resources
Standard
Victory
Conquest
Starting age
Dark Age
Ending age
Imperial Age
RankedLock teamsTeams togetherTeam positionsShared explorationLock speedFull tech treeHidden civsTurbo modeCheats
Victory
Defeat
🇨🇿 Bulgarians · Czechia
558
+15
🇩🇪 Bulgarians · Germany
541
-15
s6elhore
12:42 Feudal Age
19:37 Castle Age
17:58 Horse Collar
18:06 Double-Bit Axe
19:13 Stone Mining
24:46 Heavy Plow
25:02 Bow Saw
25:01 Heavy Plow
27:35 Bow Saw
27:36 Gold Mining
27:54 Gambesons
29:28 Forging
29:24 Scale Barding Armor
28:45 Pikeman
29:26 Squires
36:03 Imperial Age
Ratep
12:33 Feudal Age
11:59 Loom
14:13 Double-Bit Axe
14:10 Horse Collar
17:38 Castle Age
15:45 Horse Collar
20:32 Forging
27:58 Stirrups
28:27 Scale Barding Armor
29:02 Iron Casting
32:37 Imperial Age
34:02 Conscription
Connection lost

Rejoining the realm…

Still unreachable

The connection could not be restored.

Session expired

The server has moved on; the page needs a fresh start.